 Dungeon Sprint DCSS version 0.21-a0-94-gdd6ab6a (webtiles) character file.

343 Kidiri the Covert (level 6, -13/32 HPs)
             Began as a Spriggan Enchanter on July 1, 2017.
             Mangled by Menkaure (17 damage)
             ... in the Dungeon (Sprint II: "The Violet Keep of Menkaure").
             The game lasted 00:01:15 (125 turns).

Kidiri the Covert (Spriggan Enchanter)               Turns: 125, Time: 00:01:16

Health: -13/32     AC:  2    Str:  4    XL:     6   Next: 31%
Magic:  17/17      EV: 25    Int: 17    God:
Gold:   243        SH:  0    Dex: 18    Spells: 18/19 levels left

rFire    . . .     SeeInvis +   a - +1 dagger
rCold    . . .     Gourm    .   (shield restricted)
rNeg     . . .     Faith    .   b - +0 robe
rPois    .         Spirit   .   (helmet restricted)
rElec    .         Reflect  .   (no cloak)
rCorr    .         Harm     .   (gloves unavailable)
MR       +....     NoTele   +   (boots unavailable)
Stlth    +++++.....             (no amulet)
HPRegen  0.00/turn              (no ring)
MPRegen  0.15/turn              (no ring)

@: non-regenerating, mildly diseased, very quick
A: unfitting armour, see invisible, herbivore 3, speed 3, slow metabolism 2
a: no special abilities


You were in the Dungeon.
You were not hungry.

You visited 1 branch You collected 243 gold pieces.

Inventory:

Hand Weapons
 a - a +1 dagger (weapon)
Armour
 b - a +0 robe (worn)
Scrolls
 j - a scroll of blinking
Potions
 e - a potion of curing
 g - a potion of haste
 h - 2 potions of magic
Books
 c - a book of Maledictions

   Spells                             Type                      Level
   a - Corona                         Hexes                        1
   b - Ensorcelled Hibernation        Hexes/Ice                    2
   c - Confuse                        Hexes                        3
   d - Tukima's Dance                 Hexes                        3
   e - Dazzling Spray                 Conjuration/Hexes            3
Comestibles
 d - a bread ration


   Skills:
 + Level 3.0 Fighting
 * Level 6.4 Short Blades
 + Level 2.9 Armour
 * Level 8.6 Dodging
 * Level 9.9 Stealth
 * Level 7.4 Spellcasting
 + Level 5.9 Hexes


You had 18 spell levels left.
You knew the following spells:

 Your Spells              Type           Power        Failure   Level  Hunger
a - Corona                Hex            ####...      1%          1    None


Dungeon Overview and Level Annotations

Branches:
Dungeon (1/1)

Altars:

Annotations:
D Menkaure


Innate Abilities, Weirdness & Mutations

You are very small and have problems with some larger weapons.
You are too small for most types of armour.
You have supernaturally acute eyesight. (SInv)
You are a herbivore.
You cover ground extremely quickly.
You need consume almost no food.


Message History

You hit Menkaure.
Menkaure is heavily damaged.
Menkaure completely misses you.
You hit Menkaure but do no damage.
Menkaure is heavily damaged.
You hit Menkaure but do no damage.
Menkaure is heavily damaged.
Menkaure completely misses you.
You hit Menkaure.
Menkaure is heavily damaged.
You hit Menkaure but do no damage.
Menkaure is heavily damaged.
Menkaure misses you.
You hit Menkaure.
Menkaure is severely damaged.
You hit Menkaure but do no damage.
Menkaure is severely damaged.
Menkaure hits you!
Ouch! That really hurt!
You die...

##+##
##.#.##
#..#..#
##.%.##
##รท##
##.##
+.<.+
##@##
#M# $#.
.. ..
##. .##
## ##


You could see Menkaure.

Vanquished Creatures
  4 necrophages (D)
4 creatures vanquished.

Vanquished Creatures (others)
  A crocodile (D)
1 creature vanquished.

Grand Total: 5 creatures vanquished

Notes
Turn   | Place    | Note
-------+----------+-------------------------------------------
     0 | D        | Kidiri the Spriggan Enchanter began the quest for the Orb.
     0 | D        | Reached XP level 1. HP: 9/9 MP: 5/5
     1 | D        | Noticed a necrophage
     1 | D        | Noticed a necrophage
     1 | D        | Noticed a necrophage
     1 | D        | Noticed a necrophage
    10 | D        | Killed a necrophage
    10 | D        | Reached skill level 1 in Fighting
    10 | D        | Reached skill level 1 in Armour
    10 | D        | Reached skill level 5 in Dodging
    10 | D        | Reached skill level 7 in Stealth
    10 | D        | Reached skill level 5 in Spellcasting
    10 | D        | Reached XP level 2. HP: 12/15 MP: 6/9
    10 | D        | Reached XP level 3. HP: 15/18 MP: 6/10
    10 | D        | Reached XP level 4. HP: 18/23 MP: 7/12
    17 | D        | Killed a necrophage
    17 | D        | Reached skill level 5 in Short Blades
    17 | D        | Reached skill level 8 in Stealth
    17 | D        | Reached skill level 5 in Hexes
    17 | D        | Reached XP level 5. HP: 15/27 MP: 7/14
    25 | D        | Killed a necrophage
    25 | D        | Reached skill level 9 in Stealth
    46 | D        | Killed a crocodile
    61 | D        | Killed a necrophage
    61 | D        | Reached XP level 6. HP: 4/32 MP: 14/17
   116 | D        | Noticed Menkaure
   125 | D        | Mangled by Menkaure

Vault maps used:
D:        the_violet_keep_of_menkaure

Skill      XL: |  1  2  3  4  5 |
---------------+----------------+-----
Fighting       | 1 2 3 |  3.0
Short Blades   | 4 5 6 |  6.4
Armour         | 1 2 |  2.9
Dodging        | 5 7 8 |  8.6
Stealth        | 7 8 9 |  9.9
Spellcasting   | 5 6 7 |  7.4
Hexes          | 4 5 |  5.9

Action                   |  1- 3 |  4- 6 || total
-------------------------+-------+-------++-------
Melee: Dagger            |     8 |    56 ||    64
  Use: Potion            |     1 |     1 ||     2
Armor: Robe              |       |     3 ||     3
Dodge: Dodged            |     2 |    35 ||    37
